 Dungeon Crawl Stone Soup version 0.22-a0-571-g4a923d4 (webtiles) character file.

1967 kae the Frost Mage (level 9, -1/57 HPs)
             Began as a Merfolk Ice Elementalist on July 1, 2018.
             Was a Follower of Okawaru.
             Slain by a human
             ... wielding a +0 hand axe
              (2 damage)
             ... on level 7 of the Dungeon.
             The game lasted 00:10:31 (9520 turns).

kae the Frost Mage (Merfolk Ice Elementalist)       Turns: 9520, Time: 00:10:32

Health: -1/57      AC:  3    Str: 11    XL:     9   Next: 19%
Magic:  6/17       EV: 13    Int: 15    God:    Okawaru [*.....]
Gold:   171        SH:  6    Dex: 16    Spells: 9/19 levels left

rFire    . . .     SeeInvis .   g - +0 trident (freeze)
rCold    . . .     Gourm    .   k - +1 buckler
rNeg     . . .     Faith    .   a - +0 robe
rPois    .         Spirit   .   f - +0 helmet
rElec    .         Reflect  .   (no cloak)
rCorr    .         Harm     .   (no gloves)
MR       .....                  (no boots)
Stlth    ++........             (no amulet)
HPRegen  0.19/turn              l - +2 ring of dexterity
MPRegen  0.15/turn              (no ring)

@: no status effects
A: change form in water, swift swim, stealthy swim
a: Heroism, Renounce Religion


You were on level 7 of the Dungeon.
You worshipped Okawaru.
Okawaru was aware of your devotion.
You were not hungry.

You visited 1 branch of the dungeon, and saw 7 of its levels.

You collected 261 gold pieces.
You spent 90 gold pieces at shops.

Inventory:

Hand Weapons
 b - a +1 whip
 g - a +0 trident of freezing (weapon)
Armour
 a - a +0 robe (worn)
 f - a +0 helmet (worn)
 k - a +1 buckler (worn)
Jewellery
 l - a +2 ring of dexterity (left hand)
Wands
 v - a wand of random effects (18)
Scrolls
 e - 6 scrolls of remove curse
 j - 2 scrolls of enchant weapon
 n - a scroll of amnesia
 s - a scroll of teleportation
Potions
 d - 2 potions of magic
 h - 3 potions of flight
 i - 2 potions of invisibility
 m - 3 potions of lignification
 o - a potion of ambrosia {unknown}
 p - a potion of haste {unknown}
 q - 2 potions of curing {unknown}
 t - a potion of mutation {unknown}
 u - a potion of heal wounds {unknown}
Comestibles
 c - 10 rations


   Skills:
 - Level 2.6 Dodging
 - Level 2.1 Stealth
 - Level 4.0 Shields
 + Level 5.6 Spellcasting
 + Level 3.3 Conjurations
 * Level 9.6 Ice Magic


You had 9 spell levels left.
You knew the following spells:

 Your Spells              Type           Power        Failure   Level  Hunger
a - Freeze                Ice            ####         1%          1    None
b - Throw Frost           Conj/Ice       ###...       1%          2    #......
c - Ozocubu's Armour      Chrm/Ice       ###.....     6%          3    ###....
d - Throw Icicle          Conj/Ice       ###.....     11%         4    ####...

Your spell library contained the following spells:

 Spells                   Type           Power        Failure   Level  Hunger
 Summon Ice Beast         Ice/Summ       ###.....     21%         4    ####...


Dungeon Overview and Level Annotations

Branches:
Dungeon (7/15)             Temple (0/1) D:6

Altars:
Fedhas
Gozag
Okawaru
Qazlal
Sif Muna
Trog
Uskayaw
Vehumet
Xom
Zin
The Shining One

Shops:
D:4 =   D:5 }

Annotations:
D:5 Grinder


Message History

The human hits you with a hand axe!
* * * LOW HITPOINT WARNING * * *
Casting: Freeze (safe; 1% risk of failure)
Confirm with . or Enter, or press ? or * to list all spells.
Aiming: Freeze (safe; 1% risk of failure)
Press: ? - help, Shift-Dir - straight line, f/p - human
Aim: a human, wielding a hand axe and wearing an animal skin (heavily wounded)
You freeze the human.
The human is severely wounded.
The human hits you with a hand axe!
* * * LOW HITPOINT WARNING * * *
Casting: Freeze (safe; 1% risk of failure)
Confirm with . or Enter, or press ? or * to list all spells.
Aiming: Freeze (safe; 1% risk of failure)
Press: ? - help, Shift-Dir - straight line, f/p - human
Aim: a human, wielding a hand axe and wearing an animal skin (severely wounded)
You freeze the human.
The human is almost dead.
The human hits you with a hand axe.
You die...

..# ##.# #..# #######..#
#%%.p.'..# #%....#p.#
###h# #.## #.h. #.######
#.. #...p@.#
#######.####.#
...........#.## ####
............... ..#
........##.#.## #.#
........##.#.#####.#######
.....>..##...............#
#####......#.#####.#####.#
......>##.#.# #.# #.#


You could see a human.

Vanquished Creatures
  A hog (D:7)
  Edmund (D:6)
  A sky beast (D:5)
  An orc warrior (D:6)
  An ice beast (D:5)
  An ogre (D:6)
  A phantom (D:6)
  6 bullfrogs
  2 scorpions (D:5)
  A howler monkey (D:3)
  2 crimson imps
  5 orc priests
  A hound (D:3)
  A jelly (D:5)
  2 orc wizards
  An iguana (D:6)
  4 worker ants
  A killer bee zombie (D:6)
  2 hound zombies
  8 adders
  3 gnolls (D:5)
  2 oozes
  4 worms
  A dart slug (D:2)
  6 leopard geckos
  19 orcs
  A ball python (D:6)
  4 bats
  7 giant cockroaches
  5 goblins
  4 hobgoblins
  18 jackals
  A quokka (D:5)
  6 frilled lizards
  9 kobolds
  A leopard gecko skeleton (D:5)
  3 quokka skeletons
  8 rats
145 creatures vanquished.

Notes
Turn   | Place    | Note
-------+----------+-------------------------------------------
     0 | D:1      | kae the Merfolk Ice Elementalist began the quest for the Orb.
     0 | D:1      | Reached XP level 1. HP: 13/13 MP: 3/3
   281 | D:1      | Reached XP level 2. HP: 9/19 MP: 0/5
   882 | D:1      | Reached skill level 4 in Ice Magic
  1084 | D:2      | Reached XP level 3. HP: 23/24 MP: 1/6
  1088 | D:2      | Learned a level 2 spell: Throw Frost
  1100 | D:2      | Learned a level 3 spell: Ozocubu's Armour
  1516 | D:2      | Reached skill level 1 in Shields
  1524 | D:2      | Reached XP level 4. HP: 16/30 MP: 0/7
  2331 | D:2      | Reached skill level 5 in Ice Magic
  2331 | D:2      | Reached XP level 5. HP: 33/35 MP: 4/9
  2972 | D:3      | Reached XP level 6. HP: 41/41 MP: 6/10
  3109 | D:3      | HP: 2/41 [orc priest/divine providence (10)]
  4175 | D:4      | Found Oqukhau's Jewellery Shop.
  4189 | D:4      | Bought a cursed ring of loudness for 45 gold pieces
  4189 | D:4      | Bought a cursed ring of teleportation for 45 gold pieces
  4232 | D:4      | Reached skill level 6 in Ice Magic
  4289 | D:4      | Found a blossoming altar of Fedhas.
  5206 | D:4      | Reached XP level 7. HP: 40/46 MP: 8/12
  5315 | D:4      | Learned a level 4 spell: Throw Icicle
  5368 | D:5      | Entered Level 5 of the Dungeon
  5368 | D:5      | Found Uzucehy's Gadget Shop.
  6028 | D:5      | Reached skill level 7 in Ice Magic
  6449 | D:5      | Reached skill level 1 in Conjurations
  6449 | D:5      | Reached XP level 8. HP: 44/52 MP: 2/14
  6776 | D:5      | Noticed Grinder
  6820 | D:5      | Found a stormy altar of Qazlal.
  7239 | D:6      | Found a staircase to the Ecumenical Temple.
  7357 | D:6      | Reached skill level 8 in Ice Magic
  7775 | D:6      | Found an iron altar of Okawaru.
  7776 | D:6      | Found a deep blue altar of Sif Muna.
  7777 | D:6      | Found a bloodstained altar of Trog.
  7778 | D:6      | Found a hide-covered altar of Uskayaw.
  7780 | D:6      | Found an opulent altar of Gozag.
  7795 | D:6      | Found a radiant altar of Vehumet.
  7806 | D:6      | Became a worshipper of Warmaster Okawaru
  7916 | D:6      | Reached skill level 5 in Spellcasting
  8609 | D:6      | Found a glowing silver altar of Zin.
  8660 | D:6      | Found a glowing golden altar of the Shining One.
  8754 | D:6      | Reached skill level 9 in Ice Magic
  8860 | D:6      | Found a shimmering altar of Xom.
  8939 | D:6      | Reached * piety under Okawaru
  8939 | D:6      | Reached XP level 9. HP: 22/57 MP: 0/17
  9037 | D:6      | Noticed Edmund
  9229 | D:6      | Killed Edmund
  9519 | D:7      | HP: 1/57 [human/hand axe (9)]
  9520 | D:7      | Slain by a human

Vault maps used:
D:1:      sevenhm_arrival_forest_fort_large_4
D:3:      first_ration
D:4:      marbit_many_paths, serial_shops, shop
D:5:      lemuel_coloured_pillars_altar, serial_shops,
          nicolae_shop_temple_entry_statues_fountains, uniq_grinder
D:6:      kennysheep_mini_moat, nicolae_overflow_crystal_walls,
          overflow_temple_1_default, xom_butterflies, minitemple,
          temple_doors_e, uniq_edmund
D:7:      lemuel_crystal_altar, serial_shops, shop, shop, nicolae_shop_stone,
          shop, kennysheep_little_box, grunt_livestock, grunt_decor_arrowhead

Skill      XL: |  1  2  3  4  5  6  7  8  9 |
---------------+----------------------------+-----
Ice Magic      | 4 5 6 7 9 |  9.6
Shields        | 1 2 3 4 |  4.0
Spellcasting   | 3 4 5 |  5.6
Conjurations   | 1 2 3 |  3.3
Dodging        | |  2.6
Stealth        | |  2.1

Action                   |  1- 3 |  4- 6 |  7- 9 || total
-------------------------+-------+-------+-------++-------
Melee: Unarmed           |    17 |       |       ||    17
       Whip              |     6 |    30 |       ||    36
       Trident           |       |     9 |   138 ||   147
 Cast: Freeze            |    48 |   107 |   113 ||   268
       Throw Frost       |       |     9 |    34 ||    43
       Ozocubu's Armour  |       |     1 |       ||     1
       Throw Icicle      |       |       |    11 ||    11
Evoke: Wand              |       |       |     2 ||     2
  Use: Scroll            |       |     8 |     5 ||    13
 Stab: Sleeping          |       |     2 |     5 ||     7
  Eat: Chunk             |     2 |    12 |    14 ||    28
       Ration            |       |       |     1 ||     1
Armor: Robe              |     8 |    13 |    30 ||    51
Dodge: Dodged            |    38 |    51 |   105 ||   194
Block: Buckler           |     2 |    35 |    59 ||    96

Table legend:
 A = Spawn XP
 B = Non-spawn XP
 C = Spawn XP percentage of total XP
 D = Spawn monster count
 E = Non-spawn monster count
 F = Spawn count percentage of total count
 G = Total turns spent on level
                    A         B        C        D         E        F      G
               +---------+---------+-------+---------+---------+-------+---------
         Total |       0 |    2810 |   0.0 |       0 |     145 |   0.0 |  9520
               +---------+---------+-------+---------+---------+-------+---------
           D:1 |       0 |      27 |   0.0 |       0 |      16 |   0.0 |  1041
           D:2 |       0 |     157 |   0.0 |       0 |      28 |   0.0 |  1443
           D:3 |       0 |     204 |   0.0 |       0 |      23 |   0.0 |  1467
           D:4 |       0 |     246 |   0.0 |       0 |      21 |   0.0 |  1425
           D:5 |       0 |     691 |   0.0 |       0 |      23 |   0.0 |  1712
           D:6 |       0 |    1222 |   0.0 |       0 |      29 |   0.0 |  2266
           D:7 |       0 |     263 |   0.0 |       0 |       5 |   0.0 |   166
               +---------+---------+-------+---------+---------+-------+---------
